AoeStats
← reev699169

Black Forest

510545956Analyzed
4v4 RM · 18h ago on Oct 1, 2026· 41m 40s· 8 players
Game mode
Random Map
Map size
Large (8 player)
Population
200
Speed
Normal
Resources
Standard
Victory
Conquest
Starting age
Dark Age
Ending age
Imperial Age
RankedLock teamsTeams togetherTeam positionsShared explorationLock speedFull tech treeHidden civsTurbo modeCheats
Victory
Defeat
🇨🇳 Persians · China
1082
+12
🇨🇳 Britons · China
1064
+12
🇨🇳 Goths · China
1024
+14
🇨🇳 Huns · China
995
+15
🇹🇷 Malay · Türkiye
1002
-14
🇷🇺 Varangians · Russia
990
-14
🇮🇹 Bohemians · Italy
972
-13
🇨🇴 Inca · Colombia
961
-12
KOMMEPCAHT
1:32 Loom
13:17 Feudal Age
14:48 Double-Bit Axe
14:51 Horse Collar
17:58 Castle Age
16:48 Wheelbarrow
20:12 Hand Cart
25:44 Bow Saw
25:37 Heavy Plow
26:56 Gold Mining
26:56 Stone Mining
26:50 Fishing Lines
29:47 Stone Mining
30:12 Forging
30:07 Scale Barding Armor
29:53 Fletching
30:00 Vendel Legacy
31:28 Ballistics
35:08 Imperial Age
32:43 Husbandry
32:54 Bloodlines
32:36 Light Cavalry
33:56 Caravan
34:26 Coinage
35:12 Elite Jarl
36:14 Conscription
36:20 Chain Barding Armor
36:36 Iron Casting
36:11 Siege Engineers
37:17 Chemistry
36:28 Fortified Wall
36:13 Murder Holes
37:34 Two-Man Saw
37:09 Crop Rotation
36:35 Cavalier
39:21 Blast Furnace
38:21 Scale Mail Armor
39:03 Banking
39:13 Pikeman
39:39 Gambesons
39:54 Squires
39:40 Arson
40:21 Halberdier
41:54 Chain Mail Armor
41:34 Bodkin Arrow
41:40 Padded Archer Armor
Nuhro
1:00 Loom
13:02 Feudal Age
17:25 Castle Age
16:17 Double-Bit Axe
16:51 Gold Mining
18:08 Bow Saw
19:01 Stone Mining
20:33 Horse Collar
25:56 Wheelbarrow
25:50 Heavy Plow
26:14 Fishing Lines
30:12 Imperial Age
29:05 Gold Shaft Mining
29:07 Stone Shaft Mining
28:59 Padded Archer Armor
28:49 Fletching
29:44 Hand Cart
30:45 Chemistry
30:08 Ballistics
30:01 Masonry
30:19 Leather Archer Armor
30:28 Crossbowman
31:08 Bodkin Arrow
31:45 Ring Archer Armor
32:41 Siege Engineers
32:45 Murder Holes
32:18 Arbalester
33:07 Thumb Ring
34:00 Town Watch
38:49 Pikeman
40:06 Halberdier
41:30 Conscription
WololoJedi
9:38 Feudal Age
10:58 Wheelbarrow
10:12 Double-Bit Axe
10:10 Horse Collar
12:12 Gold Mining
19:03 Fletching
22:55 Castle Age
21:43 Padded Archer Armor
31:28 Scale Mail Armor
31:26 Loom
33:22 Leather Archer Armor
40:39 Pikeman
41:19 Squires
41:07 Arson
222fede222
3:48 Loom
13:25 Feudal Age
14:40 Double-Bit Axe
14:39 Horse Collar
18:07 Castle Age
19:02 Heavy Plow
19:20 Bow Saw
23:06 Fletching
23:51 Ballistics
23:42 Masonry
26:34 Wagenburg Tactics
26:31 Town Watch
27:16 Light Cavalry
35:25 Imperial Age
34:47 Wheelbarrow
34:22 Scale Barding Armor
34:28 Forging
36:24 Chemistry
35:21 Murder Holes
36:24 Elite Hussite Wagon
36:47 Pikeman
37:28 Squires
37:14 Arson
38:26 Hand Cart
38:28 Town Patrol
39:36 Two-Man Saw
lunb829195
1:17 Loom
12:22 Feudal Age
17:12 Castle Age
16:18 Double-Bit Axe
19:11 Bow Saw
21:25 Wheelbarrow
21:40 Fishing Lines
24:04 Gold Mining
24:09 Stone Mining
24:46 Hand Cart
24:18 Town Watch
24:34 Gillnets
29:34 Imperial Age
27:37 Bow Saw
27:50 Scale Barding Armor
28:33 Gold Shaft Mining
28:57 Chain Barding Armor
29:20 Stone Shaft Mining
30:10 Ballistics
30:58 Plate Barding Armor
30:34 Forging
30:15 Fletching
30:42 Bloodlines
30:33 Husbandry
31:49 Chemistry
31:23 Heated Shot
31:58 Horse Collar
33:32 Two-Man Saw
33:02 Kamandaran
35:39 Conscription
35:32 Town Patrol
36:13 Iron Casting
36:25 Heavy Plow
36:46 Elite War Elephant
41:49 Caravan
DazHkaka
0:44 Loom
13:10 Feudal Age
14:55 Fletching
15:06 Padded Archer Armor
21:40 Castle Age
21:47 Crossbowman
23:26 Bodkin Arrow
41:26 Imperial Age
39:32 Wheelbarrow
39:38 Wheelbarrow
39:23 Horse Collar
40:02 Leather Archer Armor
40:35 Heavy Plow
40:27 Gold Mining
41:21 Yeomen
reev699169
0:29 Loom
16:48 Feudal Age
24:02 Castle Age
21:45 Horse Collar
21:55 Double-Bit Axe
22:30 Gold Mining
24:32 Stone Mining
26:15 Wheelbarrow
25:44 Heavy Plow
28:19 Scale Mail Armor
28:30 Forging
34:07 Chain Mail Armor
34:27 Iron Casting
34:48 Hand Cart
37:11 Stone Shaft Mining
37:07 Squires
39:42 Imperial Age
37:57 Anarchy
41:20 Anarchy
40:46 Elite Huskarl
41:49 Conscription
opwo175712
1:25 Loom
12:31 Feudal Age
17:37 Castle Age
15:39 Horse Collar
15:47 Double-Bit Axe
17:05 Gold Mining
18:56 Wheelbarrow
18:54 Bow Saw
20:26 Heavy Plow
20:42 Stone Mining
26:36 Gold Shaft Mining
30:57 Imperial Age
28:43 Hand Cart
28:45 Scale Barding Armor
28:51 Forging
28:46 Marauders
28:49 Husbandry
29:14 Forging
30:00 Bloodlines
30:47 Hand Cart
32:02 Chain Barding Armor
33:22 Conscription
34:19 Plate Barding Armor
34:33 Iron Casting
34:24 Elite Tarkan
38:14 Blast Furnace
Connection lost

Rejoining the realm…

Still unreachable

The connection could not be restored.

Session expired

The server has moved on; the page needs a fresh start.